 Dungeon Crawl Stone Soup version 0.25-a0-346-g140ab784a8 (webtiles) character file.

Game seed: 8904456680644463138, levelgen mode: classic

7118 Borgoz the Basher (level 11, -3/72 HPs)
             Began as a Gargoyle Fighter on Dec 31, 2019.
             Was a High Priest of Okawaru.
             Slain by a sun demon (12 damage)
             ... summoned by a kobold demonologist
             ... on level 11 of the Dungeon.
             The game lasted 00:12:47 (8684 turns).

Borgoz the Basher (Gargoyle Fighter)                Turns: 8684, Time: 00:12:48

Health: -3/72      AC: 22    Str: 23    XL:     11   Next: 10%
Magic:  11/11      EV:  7    Int:  9    God:    Okawaru [*****.]
Gold:   384        SH:  9    Dex:  9    Spells: 10/10 levels left

rFire    . . .     SeeInvis .   b - +1 whip (elec)
rCold    . . .     Gourm    .   c - +0 shield
rNeg     + . .     Faith    .   p - +0 scale mail
rPois    ∞         Spirit   .   u - +1 helmet
rElec    +         Reflect  .   (no cloak)
rCorr    .         Harm     .   d - +2 pair of gloves
MR       .....                  (no boots)
Stlth    ..........             l - amulet of the acrobat
HPRegen  0.22/turn              (no ring)
MPRegen  0.12/turn              (no ring)

@: about to teleport, slowed, very slow
A: negative energy resistance 1, electricity resistance, unbreathing,
petrification resistance, rot immunity, AC +8
a: Heroism, Finesse, Renounce Religion


You were on level 11 of the Dungeon.
You worshipped Okawaru.
Okawaru was extremely pleased with you.
You were not hungry.

You visited 2 branches of the dungeon, and saw 12 of its levels.

You collected 444 gold pieces.
You spent 60 gold pieces at shops.

Inventory:

Hand Weapons
 a - a +1 flail of venom
 b - a +1 whip of electrocution (weapon)
Armour
 c - a +0 shield (worn)
 d - a +2 pair of gloves (worn)
 p - a +0 scale mail (worn)
 u - a +1 helmet (worn)
Jewellery
 l - an amulet of the acrobat (around neck)
Wands
 m - a wand of disintegration (19)
 t - a wand of iceblast (12)
 w - a wand of clouds (6)
 x - a wand of scattershot (8)
 A - a wand of paralysis (4)
Scrolls
 e - 3 scrolls of magic mapping
 h - 5 scrolls of remove curse
 i - 7 scrolls of teleportation
 j - 2 scrolls of identify
 q - 4 scrolls of fear
 s - 2 scrolls of enchant weapon
 y - a scroll of enchant armour
Potions
 k - a potion of curing
 n - a potion of haste
 o - a potion of cancellation {unknown}
 r - a potion of brilliance
 v - a potion of flight
 z - a potion of berserk rage {unknown}
Comestibles
 f - 19 rations


   Skills:
 + Level 9.7 Fighting
 * Level 11.8 Maces & Flails
 + Level 9.8 Armour
 - Level 3.2 Shields


You had 10 spell levels left.
You didn't know any spells.
Your spell library contained the following spells:

 Spells                   Type           Power        Failure   Level  Hunger
 Ensorcelled Hibernation  Hex/Ice        #.....       99%         2    ###....
 Mephitic Cloud           Conj/Pois/Air  #.......     100%        3    ####...
 Leda's Liquefaction      Hex/Erth       #.........   100%        4    #####..
 Summon Mana Viper        Hex/Summ       #.......     100%        5    ######.


Dungeon Overview and Level Annotations

Branches:
Dungeon (11/15)            Temple (1/1) D:5            Lair (0/6) D:8
    Orc (0/2) D:11

Altars:
Ashenzari
Cheibriados
Dithmenos
Elyvilon
Fedhas
Gozag
Hepliaklqana
Kikubaaqudgha
Makhleb
Nemelex Xobeh
Okawaru
Ru
Sif Muna
Trog
Uskayaw
Vehumet
Wu Jian
Xom
Yredelemnul
Zin
The Shining One

Shops:
D:4 ?

Annotations:
D:6 3 runed translucent doors, exclusion: oklob plant, MoonlitKnight's ghost, amateur DrTm


Innate Abilities, Weirdness & Mutations

You are resistant to torment.
Your stone body is resilient. (AC +8)
You are immune to poison.
You resist negative energy. (rN+)
You are resistant to electric shocks. (rElec)
You can survive without breathing.
You are immune to petrification.
You are immune to rotting.


Message History

You are too injured to fight recklessly!
What are your orders? t - Shout!
Orders for allies: a - Attack new target. r - Retreat! s - Stop attacking. g - Guard the area. f - Follow me.
Anything else - Cancel.
Retreat in which direction?
Press: ? - help, Dir - move target cursor, f - you
Okay, then.
As you read the scroll of teleportation, it crumbles to dust.
You feel strangely unstable. You block the yak's attack.
The sun demon hits you.
You are engulfed in flames!
* * * LOW HITPOINT WARNING * * *
The yak gores you but does no damage.
Your shield prevents you from hitting the sun demon.
The sun demon hits you!
* * * LOW HITPOINT WARNING * * *
You are engulfed in flames!
You die... ....... .8:...> ....{5o #.ooooo .oYY8 Yo.

#{###+#
#Y3@..#
#####Y###
#.......#
#.......#
#.......#
+.......+
#.......#
#.......#
##÷######


You could see a sun demon, 4 yaks and 4 orcs.

Vanquished Creatures
  A two-headed ogre (D:10)
  An unseen horror (D:10)
  Pikel (D:4)
  A shadow (D:11)
  6 yaks (D:8)
  A spriggan (D:7)
  2 basilisks
  A hungry ghost (D:7)
  8 wargs (D:10)
  4 porcupines (D:8)
  3 orc warriors
  4 slaves
  3 ice beasts
  An eye of draining (D:10)
  2 ogres
  3 centaurs
  A crocodile (D:8)
  A big kobold (D:7)
  4 bullfrogs
  2 scorpions
  A howler monkey (D:4)
  3 crimson imps
  A centaur zombie (D:5)
  5 hounds
  4 jellies
  2 orc priests
  5 orc wizards
  3 bullfrog skeletons
  5 worker ants
  2 hound zombies
  A hound skeleton (D:7)
  Robin (D:3)
  7 adders
  2 shadow imps
  An ooze (D:4)
  An adder skeleton (D:7)
  3 worms
  2 dart slugs
  A leopard gecko (D:1)
  24 orcs
  A giant cockroach (D:3)
  12 goblins
  5 hobgoblins
  A quokka (D:9)
  4 bats (D:1)
  5 frilled lizards
  6 kobolds
  2 rats (D:2)
160 creatures vanquished.

Notes
Turn   | Place    | Note
-------+----------+-------------------------------------------
     0 | D:1      | Borgoz the Gargoyle Fighter began the quest for the Orb.
     0 | D:1      | Reached XP level 1. HP: 14/14 MP: 1/1
   233 | D:1      | Reached XP level 2. HP: 19/19 MP: 2/2
   637 | D:2      | Found a glowing golden altar of the Shining One.
   730 | D:2      | Reached XP level 3. HP: 12/23 MP: 3/3
   908 | D:2      | Reached skill level 3 in Maces & Flails
  1124 | D:2      | Found a radiant altar of Vehumet.
  1126 | D:2      | Found a blossoming altar of Fedhas.
  1127 | D:2      | Found a hide-covered altar of Uskayaw.
  1128 | D:2      | Found a shimmering blue altar of Sif Muna.
  1130 | D:2      | Found a sacrificial altar of Ru.
  1411 | D:2      | Reached XP level 4. HP: 29/29 MP: 4/4
  1629 | D:3      | Reached XP level 5. HP: 27/33 MP: 5/5
  1863 | D:3      | Noticed Robin
  1880 | D:3      | Killed Robin
  1895 | D:3      | Reached skill level 4 in Maces & Flails
  2131 | D:3      | Found a burning altar of Makhleb.
  2429 | D:4      | Noticed a slave
  2429 | D:4      | Noticed a slave
  2434 | D:4      | Noticed a slave
  2456 | D:3      | Killed a slave
  2481 | D:3      | Killed a slave
  2690 | D:4      | Found Zoluwk's Magic Scroll Boutique.
  2725 | D:4      | Bought a scroll of identify for 22 gold pieces
  2725 | D:4      | Bought a scroll of magic mapping for 38 gold pieces
  2765 | D:4      | Noticed Pikel
  2766 | D:4      | Noticed a slave
  2800 | D:4      | Killed a slave
  2810 | D:4      | Killed a slave
  2815 | D:4      | Killed Pikel
  2815 | D:4      | Reached skill level 5 in Fighting
  2815 | D:4      | Reached skill level 6 in Maces & Flails
  2815 | D:4      | Reached skill level 5 in Armour
  2815 | D:4      | Reached XP level 6. HP: 25/40 MP: 6/6
  2815 | D:4      | Reached XP level 7. HP: 27/44 MP: 7/7
  3308 | D:5      | Entered Level 5 of the Dungeon
  3484 | D:5      | Reached XP level 8. HP: 27/51 MP: 8/8
  3696 | D:5      | Found a staircase to the Ecumenical Temple.
  3731 | Temple   | Entered the Ecumenical Temple
  3924 | Temple   | Became a worshipper of Warmaster Okawaru
  4360 | D:6      | Reached skill level 7 in Maces & Flails
  4619 | D:6      | Found a blossoming altar of Fedhas.
  4637 | D:6      | Noticed an oklob plant
  4728 | D:6      | Found a runed translucent gate.
  4730 | D:6      | Noticed MoonlitKnight's ghost (amateur DrTm)
  4736 | D:6      | Found a runed translucent gate.
  4736 | D:6      | Found a runed translucent gate.
  5027 | D:7      | Reached * piety under Okawaru
  5220 | D:7      | Reached skill level 8 in Maces & Flails
  5220 | D:7      | Reached XP level 9. HP: 56/56 MP: 9/9
  5728 | D:7      | Found a bloodstained altar of Trog.
  5730 | D:7      | Reached ** piety under Okawaru
  5761 | D:7      | Reached skill level 9 in Maces & Flails
  5900 | D:8      | Found a staircase to the Lair.
  5929 | D:8      | Reached *** piety under Okawaru
  5934 | D:8      | Reached XP level 10. HP: 34/64 MP: 10/10
  5937 | D:8      | Reached skill level 10 in Maces & Flails
  6323 | D:8      | Found a bloodstained altar of Trog.
  6788 | D:9      | Reached **** piety under Okawaru
  6892 | D:9      | Found a shadowy altar of Dithmenos.
  7123 | D:10     | Entered Level 10 of the Dungeon
  7167 | D:10     | Killed an unseen horror
  7419 | D:10     | Noticed a two-headed ogre
  7459 | D:10     | Killed a two-headed ogre
  7459 | D:10     | Reached ***** piety under Okawaru
  7459 | D:10     | Reached skill level 11 in Maces & Flails
  7771 | D:10     | Identified the Volume of Bewitching Contamination
  8347 | D:10     | Reached XP level 11. HP: 71/71 MP: 11/11
  8658 | D:11     | Noticed a sun demon
  8668 | D:11     | Found a staircase to the Orcish Mines.
  8675 | D:11     | Received a gift from Okawaru
  8684 | D:11     | Slain by a sun demon

Levels and vault maps discovered:
D:1:      psy_arrival_fountain, layout_loops_ring
D:2:      layout_basic, nicolae_overflow_crystal_walls, minitemple
D:3:      layout_loops_ring, makhleb_blood_cavern_becter, uniq_robin
D:4:      layout_rooms, first_ration, serial_shops, nicolae_shop_waterfront,
          uniq_pikel
D:5:      layout_gridville, minmay_temple_entry_glass
D:6:      layout_loops_ring, gammafunk_ghost_split, tgw_fedhas
D:7:      layout_loops_ring, marbit_many_paths, the_bakery
D:8:      layout_loops_ring, minmay_lair_entry_grove, trog_three_pillars_becter
D:9:      kennysheep_spiral_hall, layout_rooms,
          nicolae_qazlal_style_of_elements,
          nicolae_dithmenos_through_a_glass_darkly
D:10:     lemuel_castle_with_subvaults [lemuel_castle_interior_carwin_1],
          layout_irregular_city
D:11:     layout_roguey, david_orc_2
Temple:   eino_narrow_crystal_temple

Skill      XL: |  1  2  3  4  5  6  7  8  9 10 |
---------------+-------------------------------+-----
Maces & Flails | 3 6 8 9 11 | 11.8
Armour         | 4 5 6 8 9 |  9.8
Fighting       | 4 5 6 8 9 |  9.7
Shields        | |  3.2

Action                   |  1- 3 |  4- 6 |  7- 9 | 10-12 || total
-------------------------+-------+-------+-------+-------++-------
Melee: Flail             |   119 |   156 |    13 |    50 ||   338
       Whip              |       |       |   250 |   235 ||   485
Invok: Heroism           |       |       |       |     1 ||     1
  Use: Scroll            |     1 |     8 |     4 |     2 ||    15
       Potion            |       |       |     3 |     3 ||     6
  Eat: Chunk             |     2 |     3 |     9 |     9 ||    23
       Ration            |       |       |     1 |       ||     1
Armor: Scale mail        |    63 |    67 |    71 |   140 ||   341
       Skin              |       |       |     6 |     6 ||    12
Dodge: Dodged            |    46 |    53 |    63 |    94 ||   256
Block: Shield            |    62 |    73 |    74 |   114 ||   323

Table legend:
 A = Non-vault XP
 B = Vault XP
 C = Vault XP percentage of total XP
 D = Non-vault monster count
 E = Vault monster count
 F = Vault count percentage of total count
                 A         B        C        D         E       F
            +---------+---------+-------+---------+---------+-------
      Total |    5469 |    4700 |  46.2 |     113 |      43 |  27.6
            +---------+---------+-------+---------+---------+-------
        D:1 |      23 |       0 |   0.0 |      13 |       0 |   0.0
        D:2 |      90 |       0 |   0.0 |      13 |       0 |   0.0
        D:3 |      62 |      78 |  55.7 |       8 |      12 |  60.0
        D:4 |     146 |     673 |  82.2 |       7 |       1 |  12.5
        D:5 |     324 |       0 |   0.0 |      10 |       0 |   0.0
        D:6 |     384 |       0 |   0.0 |       9 |       0 |   0.0
        D:7 |    1420 |     240 |  14.5 |      23 |       2 |   8.0
        D:8 |      90 |    2074 |  95.8 |      11 |      12 |  52.2
        D:9 |     660 |     171 |  20.6 |       7 |       4 |  36.4
       D:10 |    2008 |    1331 |  39.9 |       9 |      11 |  55.0
       D:11 |     262 |     133 |  33.7 |       3 |       1 |  25.0
            +---------+---------+-------+---------+---------+-------
